 Dungeon Crawl Stone Soup version 0.22-a0-348-gd16d139 (webtiles) character file.

69 grindst0ne the Sneak (level 4, -2/29 HPs)
             Began as an Octopode Assassin on Apr 9, 2018.
             Slain by an orc priest
             ... wielding a +0 flail
              (9 damage)
             ... on level 2 of the Dungeon.
             The game lasted 00:02:27 (1624 turns).

grindst0ne the Sneak (Octopode Assassin)            Turns: 1624, Time: 00:02:28

Health: -2/29      AC:  1    Str: 10    XL:     4   Next: 20%
Magic:  4/4        EV: 13    Int: 13    God:
Gold:   39         SH:  0    Dex: 14    Spells: 3/3 levels left

rFire    . . .     SeeInvis .   n - +2 dagger (holy)
rCold    . . .     Gourm    .   (no shield)
rNeg     . . .     Faith    .   (helmet restricted)
rPois    .         Spirit   .   (no amulet)
rElec    .         Reflect  .   m - ring of resist corrosion
rCorr    +         Harm     .   (no ring)
MR       .....                  (no ring)
Stlth    +++++.....             (no ring)
HPRegen  0.09/turn              (no ring)
MPRegen  0.09/turn              (no ring)
                                (no ring)
                                (no ring)

@: flying
A: almost no armour, stealthy swim, amphibious, 8 rings, constrict 8, camouflage
1, gelatinous body 1
a: no special abilities


You were on level 2 of the Dungeon.
You were very hungry.

You visited 1 branch of the dungeon, and saw 2 of its levels.

You collected 39 gold pieces.

Inventory:

Hand Weapons
 b - a +0 blowgun
 n - a +2 dagger of holy wrath (weapon)
Missiles
 c - 8 poisoned needles
 d - 2 curare-tipped needles
 h - 7 javelins (quivered)
Jewellery
 m - a ring of resist corrosion (left tentacle)
Scrolls
 a - a scroll of magic mapping {unknown}
 e - 2 scrolls of teleportation {unknown}
 k - 2 scrolls of identify {unknown}
 l - a scroll of remove curse {unknown}
Comestibles
 f - 2 rations


   Skills:
 - Level 2.0 Fighting
 - Level 2.0 Short Blades
 - Level 2.0 Throwing
 - Level 1.0 Dodging
 + Level 7.8 Stealth


You had 3 spell levels left.
You didn't know any spells.

Dungeon Overview and Level Annotations

Branches:
Dungeon (2/15)

Altars:


Innate Abilities, Weirdness & Mutations

You cannot wear most types of armour.
You are very stealthy in the water. (Stealth+)
You are amphibious.
You can wear up to eight rings at the same time.
You can use your tentacles to constrict eight enemies at once.
Your skin changes colour to match your surroundings (Stealth+).
Your rubbery body absorbs attacks. (AC +1, EV +1)


Message History

a hand axe; a ring mail; a club; an orc corpse You hit the orc.
Your grab misses the orc.
The orc is heavily wounded.
The orc hits you with a trident!
* * * LOW HITPOINT WARNING * * *
The leopard gecko hisses angrily.
You hit the orc. You grab the orc.
The orc is almost dead.
You constrict the orc.
You kill the orc!
You closely miss the orc priest. Your grab misses the orc priest.
The orc priest misses you.
You hit the orc priest. You grab the orc priest.
You squeeze the orc priest, but do no damage.
The orc priest is moderately wounded.
You constrict the orc priest. The orc priest barely misses you.
You hit the orc priest.
The orc priest is heavily wounded.
You constrict the orc priest. The orc priest hits you with a flail!
You die...

....##..##....#
#..####..#....#
##..# ##......#
##..# ###....#
#..######)...#
##............####
...######........#
#..# #..#..##.# ..#
##.#..##@# .#
#.#..##o#########
#..#...rl##.....##
##.........><....##
#................#
#................#
#................#
#................#
#.............o..#


You could see an orc priest, a leopard gecko and a rat.

Vanquished Creatures
  An orc wizard (D:2)
  A dart slug (D:1)
  4 leopard geckos
  2 orcs (D:2)
  2 giant cockroaches (D:2)
  4 goblins
  5 hobgoblins
  A ball python (D:1)
  3 bats (D:1)
  3 frilled lizards (D:1)
  4 kobolds
  4 rats (D:1)
34 creatures vanquished.

Notes
Turn   | Place    | Note
-------+----------+-------------------------------------------
     0 | D:1      | grindst0ne the Octopode Assassin began the quest for the Orb.
     0 | D:1      | Reached XP level 1. HP: 14/14 MP: 1/1
   380 | D:1      | Reached skill level 6 in Stealth
   380 | D:1      | Reached XP level 2. HP: 19/19 MP: 2/2
   816 | D:1      | Reached XP level 3. HP: 24/24 MP: 3/3
  1152 | D:2      | Reached skill level 7 in Stealth
  1319 | D:2      | Reached XP level 4. HP: 4/29 MP: 4/4
  1624 | D:2      | Slain by an orc priest

Vault maps used:
D:1:      onia_arrival_pyramid
D:2:      grunt_dithmenos_smoke_and_mirrors

Skill      XL: |  1  2  3 |
---------------+----------+-----
Stealth        | 6 7 |  7.8
Fighting       | |  2.0
Short Blades   | |  2.0
Throwing       | |  2.0
Dodging        | |  1.0

Action                   |  1- 3 |  4- 6 || total
-------------------------+-------+-------++-------
Melee: Dagger            |    59 |    14 ||    73
       Constrict         |    13 |     4 ||    17
       Tentacles         |     3 |     4 ||     7
  Use: Potion            |       |     2 ||     2
 Stab: Sleeping          |    13 |       ||    13
  Eat: Chunk             |     1 |       ||     1
Armor: Skin              |     6 |     1 ||     7
Dodge: Dodged            |    34 |     7 ||    41

Table legend:
 A = Spawn XP
 B = Non-spawn XP
 C = Spawn XP percentage of total XP
 D = Spawn monster count
 E = Non-spawn monster count
 F = Spawn count percentage of total count
 G = Total turns spent on level
                    A         B        C        D         E        F      G
               +---------+---------+-------+---------+---------+-------+---------
         Total |       0 |      99 |   0.0 |       0 |      34 |   0.0 |  1624
               +---------+---------+-------+---------+---------+-------+---------
           D:1 |       0 |      35 |   0.0 |       0 |      21 |   0.0 |   866
           D:2 |       0 |      64 |   0.0 |       0 |      13 |   0.0 |   758
               +---------+---------+-------+---------+---------+-------+---------
